AoeStats
← JamesNewstedd

Arena

509740882Analyzed
3v3 RM · 3d ago on Sep 27, 2026· 70m 9s· 6 players
Game mode
Random Map
Map size
Normal (6 player)
Population
200
Speed
Normal
Resources
Standard
Victory
Conquest
Starting age
Dark Age
Ending age
Imperial Age
RankedLock teamsTeams togetherTeam positionsShared explorationLock speedFull tech treeHidden civsTurbo modeCheats
Victory
Defeat
🇩🇪 Italians · Germany
1530
+12
🇩🇪 Malians · Germany
1492
+14
🇩🇪 Burgundians · Germany
1474
+15
🇲🇽 Romans · Mexico
1622
-20
🇪🇸 Burmese · Spain
1381
-11
🇮🇳 Mongols · India
1345
-10
Öl1ng
8:11 Feudal Age
9:09 Loom
10:50 Double-Bit Axe
14:15 Fletching
18:25 Castle Age
25:42 Gold Mining
28:26 Wheelbarrow
27:35 Horse Collar
31:32 Imperial Age
31:45 Bodkin Arrow
33:15 Chemistry
32:45 Bracer
33:13 Bow Saw
33:11 Heavy Plow
32:58 Town Watch
33:58 Ballistics
34:37 Stone Mining
35:54 Padded Archer Armor
37:05 Leather Archer Armor
37:39 Stone Shaft Mining
36:30 Elite Genoese Crossbowman
38:31 Thumb Ring
38:57 Hand Cart
39:38 Ring Archer Armor
40:55 Forging
40:50 Scale Barding Armor
41:30 Conscription
41:46 Hoardings
41:28 Masonry
42:23 Light Cavalry
43:14 Bloodlines
43:05 Husbandry
43:26 Chain Barding Armor
43:41 Iron Casting
44:34 Crop Rotation
45:06 Two-Man Saw
43:51 Elite Skirmisher
45:43 Pirotechnia
46:19 Hoardings
46:00 Fortified Wall
51:00 Guilds
53:39 Caravan
55:38 Scale Mail Armor
56:15 Plate Barding Armor
59:44 Silk Road
59:53 Hussar
64:47 Blast Furnace
SvenVonE ツ
2:55 Double-Bit Axe
7:45 Horse Collar
11:27 Feudal Age
15:19 Castle Age
13:45 Bow Saw
13:41 Scale Mail Armor
14:25 Gold Mining
17:20 Atonement
17:47 Devotion
18:41 Forging
18:32 Loom
25:07 Sanctity
25:32 Wheelbarrow
25:36 Redemption
27:47 Scale Barding Armor
27:45 Town Watch
28:30 Fortified Wall
28:51 Fletching
34:24 Imperial Age
33:32 Chain Barding Armor
32:34 Light Cavalry
35:16 Burgundian Vineyards
35:31 Conscription
35:27 Hussar
36:53 Elite Coustillier
37:29 Stone Mining
38:20 Husbandry
38:57 Plate Barding Armor
41:08 Masonry
41:44 Iron Casting
41:55 Heavy Plow
42:32 Hand Cart
44:45 Chemistry
46:20 Blast Furnace
62:07 Chain Mail Armor
JamesNewstedd
11:31 Feudal Age
12:50 Double-Bit Axe
13:02 Horse Collar
15:41 Castle Age
14:51 Wheelbarrow
16:40 Bow Saw
16:48 Heavy Plow
17:05 Heavy Plow
25:10 Gold Mining
25:51 Hand Cart
29:50 Imperial Age
27:05 Treadmill Crane
27:42 Squires
27:44 Scale Mail Armor
27:56 Stone Mining
28:43 Gold Shaft Mining
28:17 Arson
27:57 Pikeman
29:13 Caravan
29:51 Chain Mail Armor
29:46 Forging
31:17 Plate Mail Armor
30:41 Loom
30:42 Town Watch
32:35 Iron Casting
31:59 Elite Gbeto
33:50 Stone Shaft Mining
33:45 Scale Barding Armor
34:05 Conscription
33:45 Farimba
34:52 Husbandry
34:13 Heavy Camel Rider
35:04 Bloodlines
35:16 Chain Barding Armor
35:09 Fletching
35:23 Tigui
36:47 Plate Barding Armor
35:35 Light Cavalry
37:53 Masonry
37:54 Fortified Wall
38:05 Ballistics
38:45 Chemistry
40:01 Guilds
39:51 Bodkin Arrow
43:34 Guard Tower
44:15 Architecture
44:49 Hoardings
43:45 Sappers
45:39 Keep
45:00 Murder Holes
45:38 Crop Rotation
54:14 Coinage
56:16 Tigui
57:58 Town Patrol
60:11 Elite Gbeto
65:22 Banking
jose1998maria
11:21 Feudal Age
12:02 Loom
14:58 Castle Age
12:51 Gold Mining
17:33 Wheelbarrow
17:44 Sanctity
18:03 Gold Shaft Mining
17:37 Town Watch
18:52 Fervor
19:14 Fervor
19:46 Atonement
20:41 Redemption
23:24 Horse Collar
24:59 Pikeman
32:04 Heavy Plow
34:09 Fortified Wall
38:40 Imperial Age
36:34 Fletching
37:54 Guard Tower
38:16 Masonry
39:33 Ballistics
39:13 Bodkin Arrow
39:48 Block Printing
40:10 Theocracy
39:32 Stone Mining
40:18 Bracer
40:56 Keep
43:44 Illumination
43:53 Hand Cart
45:35 Conscription
46:20 Architecture
45:31 Treadmill Crane
46:55 Chemistry
47:35 Murder Holes
48:27 Halberdier
49:07 Squires
50:28 Squires
50:31 Scale Mail Armor
50:41 Forging
51:13 Gambesons
52:46 Chain Mail Armor
53:06 Iron Casting
53:47 Gambesons
58:59 Blast Furnace
61:17 Plate Mail Armor
67:29 Man-at-Arms
67:55 Arson
[KOF] santander
7:17 Loom
9:49 Feudal Age
11:07 Fletching
18:53 Castle Age
16:55 Double-Bit Axe
17:04 Horse Collar
17:56 Gold Mining
19:30 Wheelbarrow
19:45 Bodkin Arrow
20:27 Bow Saw
24:45 Heavy Plow
28:16 Town Watch
31:22 Imperial Age
31:56 Hand Cart
32:22 Scale Barding Armor
32:28 Forging
33:49 Chain Barding Armor
35:31 Plate Barding Armor
35:35 Iron Casting
34:34 Light Cavalry
35:25 Bloodlines
36:40 Conscription
36:51 Comitatenses
37:46 Husbandry
40:30 Blast Furnace
39:08 Man-at-Arms
39:48 Squires
39:56 Ballistas
39:55 Scale Mail Armor
39:56 Long Swordsman
40:37 Legionary
43:13 Scale Mail Armor
44:27 Chain Mail Armor
47:05 Blast Furnace
49:24 Guilds
57:56 Capped Ram
60:29 Herbal Medicine
Broken Angel
10:13 Feudal Age
11:47 Double-Bit Axe
14:43 Castle Age
12:45 Horse Collar
15:45 Bow Saw
18:49 Wheelbarrow
19:16 Heavy Plow
22:28 Gold Mining
22:29 Stone Mining
24:04 Gold Shaft Mining
23:57 Hand Cart
25:27 Stone Shaft Mining
25:45 Loom
29:52 Imperial Age
27:22 Fletching
27:33 Padded Archer Armor
28:13 Bodkin Arrow
29:27 Ballistics
28:56 Town Watch
29:55 Thumb Ring
30:02 Bloodlines
29:52 Husbandry
29:59 Elite Mangudai
31:03 Conscription
31:39 Bracer
32:40 Chemistry
32:09 Parthian Tactics
33:00 Leather Archer Armor
32:51 Siege Engineers
32:58 Masonry
33:54 Scale Barding Armor
34:01 Forging
33:38 Light Cavalry
34:46 Hussar
36:42 Chain Barding Armor
36:57 Iron Casting
36:29 Capped Ram
37:38 Drill
38:29 Hoardings
38:30 Coinage
39:13 Siege Ram
42:58 Blast Furnace
42:13 Murder Holes
42:28 Fortified Wall
65:12 Caravan
65:46 Banking
Connection lost

Rejoining the realm…

Still unreachable

The connection could not be restored.

Session expired

The server has moved on; the page needs a fresh start.